 Dungeon Crawl Stone Soup version 0.30-a0-1112-gfb780f5df6 (webtiles) character file.

Game seed: 1782633631917676423

3926 Chaicat the Cleaver (level 10, -9/85 (91) HPs)
             Began as a Minotaur Berserker on Apr 17, 2023.
             Was a High Priest of Trog.
             Mangled by an orc knight
             ... wielding a +0 halberd
              (18 damage)
             ... in a bailey on Apr 19, 2023.
             The game lasted 00:17:11 (7449 turns).

Chaicat the Cleaver (Minotaur Berserker)            Turns: 7449, Time: 00:17:14

HP:   -9/85 (91)    AC: 15    Str: 26    XL:     10   Next: 1%
MP:   9/9           EV:  9    Int:  4    God:    Trog [*****.]
Gold: 370           SH:  5    Dex: 10    Spells: 9/9 levels left

rFire   . . .      SeeInvis .    s - +7 lajatang of Order {silver, rMut}
rCold   . . .      Faith    .    (shield currently unavailable)
rNeg    . . .      Spirit   .    x - +0 plate armour
rPois   .          Reflect  +    (helmet restricted)
rElec   .          Rampage  .    (no cloak)
rCorr   +                        (no gloves)
rMut    +                        c - +0 pair of boots
Will    ++...                    m - amulet of reflection Stlth
                                 i - ring of flight
HPRegen 1.34/turn                r - ring of resist corrosion
MPRegen 0.11/turn

@: strong-willed, flying, regenerating, drained
A: horns 2, retaliatory headbutt
a: Renounce Religion, Berserk, Trog's Hand, Brothers in Arms


You were in a bailey.
You worshipped Trog.
Trog was extremely pleased with you.
You visited 1 branch of the dungeon, and saw 8 of its levels.
You also visited: Sewer and Bailey.

You collected 370 gold pieces.

Inventory:

Hand Weapons
 a - a +1 vampiric hand axe
 s - the +7 lajatang of Order (weapon) {silver, rMut}
   (You acquired it on level 5 of the Dungeon)

   rMut:      It protects you from mutation.
Armour
 c - a +0 pair of boots (worn)
 p - a +0 buckler
 x - a +0 plate armour (worn)
Jewellery
 i - a ring of flight (left hand)
 m - an amulet of reflection (around neck)
 r - a ring of resist corrosion (right hand)
 t - a +6 ring of intelligence
 v - a +5 ring of evasion
Wands
 d - a wand of paralysis (9)
 g - a wand of mindburst (15)
 q - a wand of acid (12)
Scrolls
 j - 2 scrolls of magic mapping
 o - 3 scrolls of teleportation
 w - a scroll of butterflies
Potions
 b - 3 potions of haste
 e - a potion of invisibility
 f - 8 potions of curing
 h - 2 potions of degeneration {unknown}
 k - 4 potions of heal wounds
 l - 3 potions of cancellation {unknown}
 n - 2 potions of mutation {unknown}
 u - 2 potions of flight {unknown}
 z - a potion of resistance {unknown}


   Skills:
 + Level 9.0 Fighting
 + Level 9.1 Axes
 + Level 5.0 Staves
 + Level 8.6 Armour
 + Level 7.8 Dodging


You had 9 spell levels left.
You didn't know any spells.
Your spell library was empty.

Dungeon Overview and Level Annotations

Branches:
Dungeon (8/15)             Temple (0/1) D:4           Sewer (visited)
 Bailey (1/1)
   Lair: D:8-11

Altars:
Ashenzari
Cheibriados
Elyvilon
Kikubaaqudgha
Makhleb
Qazlal
Ru
Sif Muna

Shops:
D:7 =


Innate Abilities, Weirdness & Mutations

You have a pair of horns on your head.
You reflexively headbutt those who attack you in melee.


Message History

Your ogre goes berserk!
The gnoll barely misses your ogre.
The orc knight hits your ogre with a +0 halberd!
Your skin crawls.
You feel strong-willed. The gnoll barely misses your ogre.
The orc knight hits your ogre with a +0 halberd!!
Your ogre closely misses the orc knight.
The gnoll hits your ogre with a +0 halberd of electrocution!
Your ogre dies!
Your ogre's corpse disappears in a puff of smoke!
The gnoll closely misses you.
An orc comes into view. It is wielding a +0 trident.
The gnoll hits you but does no damage.
You are electrocuted!
There is an open door, spattered with blood here.
You see here a +2 halberd of draining.
The gnoll hits you with a +1 halberd of electrocution!
The orc knight hits you from afar with a +0 halberd!
There is an open door, spattered with blood here.
You see here a +2 halberd of draining.
You slash the gnoll!
The gnoll is almost dead.
The gnoll hits you with a +1 halberd of electrocution.
The orc knight roars a battlecry!
You slash the gnoll!
You kill the gnoll!
Trog accepts your kill.
The orc knight hits you from afar with a +0 halberd!
The orc knight hits you with a +0 halberd.
The gnoll hits you but does no damage.
There is an open door, spattered with blood here.
You see here a +2 halberd of draining.
You closely miss the orc knight.
The orc drinks a potion.
The orc flickers and vanishes!
Deactivating autopickup; reactivate with Ctrl-A.
The gnoll hits you but does no damage.
You are electrocuted!!
The orc knight hits you with a +0 halberd!
* * * LOW HITPOINT WARNING * * *
The orc knight hits you with a +0 halberd!!
You die...

#)## ##.#g#
##'##+##'###+
+##+
##.....##
!.!#
#.....###
!.!.#
+..⌠..')#
.⌠.!'
#.....###
.!.! #.....##
#g{
+##+##'###g#
##.@o# #####


You could see an orc knight and 2 gnolls.

Vanquished Creatures
  2 hornets (D:7)
  Sigmund (D:2)
  3 steam dragons (D:7)
  2 water moccasins (D:6)
  4 sky beasts
  3 ice beasts
  2 black bears
  2 ogres (D:5)
  A centaur (D:5)
  2 kobold brigands
  4 bullfrogs
  Blork the orc (D:4)
  4 scorpions
  A jelly (D:4)
  3 hounds
  4 orc priests
  2 iguanas
  2 sleepcaps
  7 orc wizards
  6 gnolls (Bailey)
  3 river rats (Sewer)
  21 adders
  2 white imps
  5 ufetubi
  3 worms
  3 dart slugs
  21 orcs
  4 bats
  6 endoplasms
  3 giant cockroaches
  10 goblins
  11 hobgoblins
  2 jackals (D:1)
  3 quokkas
  18 ball pythons
  4 frilled lizards (Sewer)
  11 kobolds
  34 rats
220 creatures vanquished.

Vanquished Creatures (others)
  9 plants (D:3)
9 creatures vanquished.

Grand Total: 229 creatures vanquished

Notes
Turn   | Place    | Note
-------+----------+-------------------------------------------
     0 | D:1      | Chaicat the Minotaur Berserker began the quest for the Orb.
     0 | D:1      | Reached XP level 1. HP: 19/19 MP: 0/0
     2 | D:1      | Noticed a spriggan
     2 | D:1      | Noticed a tengu
     4 | D:1      | Noticed an elf
     4 | D:1      | Noticed an octopode
     6 | D:1      | Noticed an ogre
     6 | D:1      | Noticed a draconian
    10 | D:1      | Noticed a troll
    10 | D:1      | Noticed a vine stalker
    12 | D:1      | Noticed a demonspawn
    12 | D:1      | Noticed a minotaur
    14 | D:1      | Noticed a meteoran
    16 | D:1      | Noticed a demigod
    16 | D:1      | Noticed an armataur
    18 | D:1      | Noticed a formicid
    18 | D:1      | Noticed a vampire
    20 | D:1      | Noticed a gargoyle
    20 | D:1      | Noticed a naga
    22 | D:1      | Noticed a felid
    22 | D:1      | Noticed a merfolk
    24 | D:1      | Noticed a ghoul
    26 | D:1      | Noticed an elf
   132 | D:1      | Reached XP level 2. HP: 24/27 MP: 1/1
   528 | D:1      | Upgraded the game from 0.30-a0-1094-g860fb061e7 to
                  | 0.30-a0-1112-gfb780f5df6
   541 | D:1      | Reached ** piety under Trog
   542 | D:1      | Reached XP level 3. HP: 32/33 MP: 2/2
   726 | D:1      | Found a faded altar of an unknown god.
   912 | D:2      | Found a sacrificial altar of Ru.
  1189 | D:2      | Reached XP level 4. HP: 36/41 MP: 3/3
  1406 | D:2      | Noticed Sigmund
  1418 | D:2      | Killed Sigmund
  1419 | D:2      | Reached skill level 5 in Fighting
  1419 | D:2      | Reached skill level 5 in Axes
  1419 | D:2      | Reached XP level 5. HP: 19/48 MP: 4/4
  1889 | D:3      | Found a broken altar of Ashenzari.
  1934 | D:3      | Reached XP level 6. HP: 40/56 MP: 5/5
  1995 | D:3      | Identified the +5 robe of Xoovvy {rPois rC- rN++ Stlth+}
  2262 | D:3      | Found a glowing drain.
  2395 | Sewer    | Entered a sewer
  2478 | Sewer    | Reached *** piety under Trog
  2798 | Sewer    | Reached skill level 5 in Armour
  2798 | Sewer    | Reached XP level 7. HP: 41/62 MP: 6/6
  3435 | D:4      | Found a staircase to the Ecumenical Temple.
  3449 | D:4      | Reached **** piety under Trog
  3563 | D:4      | Reached skill level 5 in Dodging
  3603 | D:4      | Noticed Blork the orc
  3614 | D:4      | Killed Blork the orc
  4055 | D:5      | Entered Level 5 of the Dungeon
  4076 | D:5      | Found a snail-covered altar of Cheibriados.
  4227 | D:5      | Found a white marble altar of Elyvilon.
  4241 | D:5      | Reached XP level 8. HP: 41/71 MP: 7/7
  4595 | D:5      | Identified a scroll of acquirement
  4595 | D:5      | Acquired the +7 lajatang of Order {silver, rMut}
  4595 | D:5      | Found the +7 lajatang of Order {silver, rMut}
  5213 | D:6      | Reached skill level 1 in Staves
  5517 | D:6      | Identified the +2 ring mail "Eprukled" {rElec rC+++ Str-4
                  | Stlth+}
  5606 | D:6      | Reached XP level 9. HP: 55/81 MP: 8/8
  6087 | D:7      | Found a stormy altar of Qazlal.
  6088 | D:7      | Found a shimmering blue altar of Sif Muna.
  6089 | D:7      | Found an ancient bone altar of Kikubaaqudgha.
  6111 | D:7      | Found a burning altar of Makhleb.
  6272 | D:7      | Found Jibboic's Jewellery Emporium.
  6310 | D:7      | Paralysed by a hornet for 1 turns
  7118 | D:8      | Reached ***** piety under Trog
  7160 | D:8      | Found a flagged portal.
  7188 | Bailey   | Entered a bailey
  7216 | Bailey   | Reached XP level 10. HP: 64/87 MP: 9/9
  7327 | Bailey   | Reached skill level 5 in Staves
  7436 | Bailey   | Noticed an orc knight
  7449 | Bailey   | Mangled by an orc knight

Illustrated notes

Levels and vault maps discovered:
D:1:      kb_arrival_jail, layout_rooms,
          shapermc_ecumenical_altar_mp_ritualfount, minmay_crystal_room,
          grunt_decor_arrowhead, hangedman_decor_growths
D:2:      layout_basic, basic_altar, chequers_avenue, uniq_sigmund
D:3:      layout_basic, ashenzari_altar_1, gup_sewer_entry_spiral,
          serial_bayou_pond_c, kennysheep_generic_room_13
D:4:      layout_loops_ring, minmay_temple_entry_ruins, uniq_blork_the_orc
D:5:      layout_basic, old_standard_altar, old_standard_altar
D:6:      layout_basic
D:7:      layout_basic, nicolae_overflow_quartered_altars, serial_shops, shop,
          kennysheep_generic_room_15
D:8:      layout_basic, nzn_hepliaklqana_mist_gate, enter_bailey_2,
          serial_corexii_hall, chequers_hall_statues_wall_a,
          corexii_hall_statues_x
Bailey:   bailey_polearm_nasty_gnolls, bailey

Skill      XL: |  1  2  3  4  5  6  7  8  9 10 |
---------------+-------------------------------+-----
Fighting       | 4 5 6 7 9 |  9.0
Axes           | 4 5 6 7 9 |  9.1
Armour         | 3 4 5 6 7 8 |  8.6
Dodging        | 3 4 5 6 7 |  7.8
Staves         | 2 4 5 |  5.0

Action                     |  1- 3 |  4- 6 |  7- 9 | 10-12 || total
---------------------------+-------+-------+-------+-------++-------
  Melee: Hand axe          |    66 |   179 |   107 |       ||   352
         Headbutt          |    10 |    25 |    39 |       ||    74
         Punch             |       |     1 |     1 |       ||     2
         Lajatang          |       |       |   125 |    13 ||   138
 Invoke: Trog's Hand       |       |       |     1 |     1 ||     2
         Brothers in Arms  |       |       |       |     1 ||     1
    Use: Scroll            |     3 |     3 |    12 |       ||    18
 Armour: Animal skin       |     6 |       |       |       ||     6
         Ring mail         |    11 |    76 |     2 |       ||    89
         Chain mail        |       |       |    83 |       ||    83
         Plate armour      |       |       |    69 |     6 ||    75
  Dodge: Dodged            |    34 |   137 |   118 |     8 ||   297
  Block: Buckler           |       |       |     4 |       ||     4
         Other             |       |       |     2 |     2 ||     4

Table legend: (Time is in decaauts)
 A = Elapsed time spent in this place.
 B = Non-inter-level travel time spent in this place.
 C = Inter-level travel time spent in this place.
 D = Time resting spent in this place.
 E = Time spent auto-exploring this place.
 F = Levels seen in this place.
 G = Mean time per level.
                   A        B        C        D        E       F      G
               +--------+--------+--------+--------+--------+-----+--------+
         Total |   7613 |   7383 |    230 |    746 |   5298 |  10 |  761.3 |
       Dungeon |   6814 |   6584 |    230 |    746 |   4740 |   8 |  851.8 |
         Sewer |    536 |    536 |      0 |      0 |    349 |   1 |  536.0 |
        Bailey |    262 |    262 |      0 |      0 |    209 |   1 |  262.0 |
               +--------+--------+--------+--------+--------+-----+--------+

Top non-repeatable levels by time:
     D:5: 1082 daAuts
     D:3: 1045 daAuts
     D:7: 1042 daAuts
     D:6: 966 daAuts
     D:2: 942 daAuts
     D:1: 915 daAuts
     D:4: 744 daAuts
   Sewer: 536 daAuts
  Bailey: 262 daAuts
     D:8: 75 daAuts
